[Event "Titled Tuesday Blitz December 14 2021"]
[White "Vantika, Agrawal"]
[Black "Xiong, Jeffery"]
[WhiteFideId "25050389"]
[BlackFideId "2047640"]
[WhiteElo "1917"]
[BlackElo "2727"]
[Result "0-1"]
[Round "04"]
[TimeControl "180+1"]
[Date "2021.12.14"]
[WhiteClock "0:00:02"]
[BlackClock "0:00:19"]

1. d4 Nf6 2. c4 e6 3. g3 c5 4. d5 exd5 5. cxd5 b5 6. e4 Nxe4 7. Bg2 Nd6 8. Nf3 Be7 9. O-O O-O 10. Bf4 Nf5 11. d6 Bf6 12. Ne5 Bxe5 13. Bxe5 Nc6 14. Bf4 Bb7 15. Nc3 Rb8 16. Nxb5 Ncd4 17. Nxd4 Nxd4 18. Bxb7 Rxb7 19. Be5 Ne6 20. Re1 Rb6 21. Rc1 Qa8 22. h4 Qc6 23. Re3 a5 24. Rd3 a4 25. Bc3 Re8 26. a3 h6 27. Qg4 c4 28. Re3 g6 29. h5 Rb5 30. hxg6 Rg5 31. gxf7+ Kxf7 32. Qf3+ Qxf3 33. Rxf3+ Kg8 34. Re1 Ng7 35. Rf4 Rxe1+ 36. Bxe1 Rc5 37. Bb4 Rc8 38. Rf6 h5 39. Rf4 Ne6 40. Rf5 Ng7 41. Rg5 Kf7 42. Ra5 Ke6 43. Rxa4 Nf5 44. Ra5 h4 45. gxh4 Nxh4 46. Kf1 Nf3 47. Rh5 Rg8 48. Ke2 Nd4+ 49. Kd2 Rg2 50. Ke3 Nf5+ 51. Kf3 Rg1 52. Rh8 Kd5 53. Rh5 Ke6 54. Rh8 Kd5 55. Rd8 Nd4+ 56. Ke3 Rg7 57. a4 Nc6 58. Rc8 Nxb4 59. a5 Rg6 60. f4 Re6+ 61. Kf3 Rxd6 62. f5 Ra6 63. Kf4 Nd3+ 64. Kg5 Rxa5 65. f6 Ke6+ 66. Kg6 Nf4+ 67. Kg7 Rg5+ 68. Kh7 Kf7 69. Rxc4 Rh5# 0-1


[Site "https://www.chess.com"]

[Event "Titled Tuesday Blitz December 14 2021"]
[White "Weetik, Vjacheslav"]
[Black "Vidit, Santosh Gujrathi"]
[WhiteFideId "4153472"]
[BlackFideId "5029465"]
[WhiteElo "2469"]
[BlackElo "2628"]
[Result "0-1"]
[Round "04"]
[TimeControl "180+1"]
[Date "2021.12.14"]
[WhiteClock "0:00:02"]
[BlackClock "0:00:15"]

1. d4 Nf6 2. Bf4 e6 3. e3 c5 4. c3 b6 5. Nf3 Be7 6. h3 O-O 7. a4 Bb7 8. Be2 d6 9. O-O a6 10. Bh2 Nbd7 11. Na3 Qc7 12. Re1 Rfd8 13. Bf1 Bc6 14. Nd2 Qb7 15. Nac4 Qc7 16. e4 e5 17. d5 Bb7 18. b4 cxb4 19. cxb4 Rac8 20. a5 b5 21. Ne3 Qb8 22. Bd3 g6 23. g4 Bf8 24. Be2 Bh6 25. Bd3 Rc3 26. Qe2 Rdc8 27. Rad1 Qa7 28. Nb1 R3c7 29. h4 Bf4 30. Kg2 h6 31. Bg3 Nh7 32. Qd2 Ndf6 33. Rc1 Bxe3 34. fxe3 Rxc1 35. Rxc1 Nxg4 36. Nc3 Qxe3 37. Qxe3 Nxe3+ 38. Kg1 Nf6 39. Ne2 Rxc1+ 40. Nxc1 Kf8 41. Kf2 Nc4 42. Nb3 Ke7 43. Ke2 Bc8 44. Bf2 Bg4+ 45. Ke1 Bf3 46. Bxc4 bxc4 47. Nd2 Bxe4 48. Nxc4 Bxd5 49. Nb6 Bc6 50. Be3 Ng4 51. Bd2 Ke6 52. Ke2 f5 53. Kd3 f4 54. Kc3 f3 55. Kd3 Bb5+ 56. Ke4 f2 0-1


[Site "https://www.chess.com"]

[Event "Titled Tuesday Blitz December 14 2021"]
[White "Willow, Jonah B"]
[Black "Fawzy, Adham"]
[WhiteFideId "438804"]
[BlackFideId "10613129"]
[WhiteElo "2925"]
[BlackElo "2756"]
[Result "0-1"]
[Round "04"]
[TimeControl "180+1"]
[Date "2021.12.14"]
[WhiteClock "0:00:03"]
[BlackClock "0:00:28"]

1. e4 c5 2. Nf3 Nc6 3. Nc3 Nf6 4. Bb5 g6 5. e5 Ng4 6. Qe2 Bg7 7. Bxc6 dxc6 8. h3 Nh6 9. d3 O-O 10. O-O b6 11. Bg5 f6 12. Bf4 Nf5 13. Rfe1 Nd4 14. Nxd4 cxd4 15. Ne4 f5 16. Nd2 Be6 17. Qf3 c5 18. Qg3 Bd5 19. Nf3 Bxf3 20. Qxf3 e6 21. Qg3 Qd5 22. h4 Rac8 23. h5 Kf7 24. f3 c4 25. Rec1 Rc6 26. Qe1 Rfc8 27. b3 cxd3 28. cxd3 Rc3 29. h6 Bf8 30. Bd2 Ba3 31. Bxc3 dxc3 32. Qe2 Qd4+ 33. Qf2 Bc5 34. Rc2 Qxf2+ 35. Rxf2 c2 36. Rc1 Be3 0-1


[Site "https://www.chess.com"]

[Event "Titled Tuesday Blitz December 14 2021"]
[White "Yang, Kaiqi"]
[Black "Kosakowski, Jakub"]
[WhiteFideId "8604398"]
[BlackFideId "1185080"]
[WhiteElo "2373"]
[BlackElo "2340"]
[Result "1-0"]
[Round "04"]
[TimeControl "180+1"]
[Date "2021.12.15"]
[WhiteClock "0:00:04"]
[BlackClock "0:00:15"]

1. e4 e6 2. d4 d5 3. e5 c5 4. c3 Bd7 5. Nf3 cxd4 6. Bd3 Qb6 7. O-O Bb5 8. Bxb5+ Qxb5 9. Nxd4 Qb6 10. a4 Bc5 11. a5 Qd8 12. Qg4 Kf8 13. Be3 Nd7 14. Nd2 Nh6 15. Bxh6 gxh6 16. Qf4 Kg7 17. N2f3 Rg8 18. g3 Rc8 19. Rfd1 Nf8 20. Kg2 Ng6 21. Qe3 a6 22. Kf1 Qc7 23. h4 Rge8 24. h5 Ne7 25. Qf4 Ng8 26. Kg2 Qd8 27. Rh1 Be7 28. Qg4+ Kh8 29. Qf4 Kg7 30. Nc2 Bg5 31. Qg4 Kf8 32. Nfd4 f5 33. Nxf5 exf5 34. Qxf5+ Kg7 35. f4 Be7 36. Nd4 Kh8 37. Ne6 Qd7 38. Qf7 Qxe6 39. Qxe6 d4 40. cxd4 Bb4 41. Qf7 Re7 42. Qf5 Rd8 43. Rhd1 Rg7 44. d5 Ne7 45. Qe4 Rdg8 46. Rd3 Rf7 47. d6 Nf5 48. e6 Rf6 49. d7 Be7 50. Rc1 Nd6 51. Rxd6 Bxd6 52. e7 Bxf4 53. e8=Q Bxc1 54. Qxg8+ Kxg8 55. d8=Q+ Kg7 56. Qee7+ Rf7 57. Qdf8# 1-0


[Site "https://www.chess.com"]

[Event "Titled Tuesday Blitz December 14 2021"]
[White "Yi, Richard"]
[Black "Shvedova, Alexandra"]
[WhiteFideId "2079518"]
[BlackFideId "54154782"]
[WhiteElo "2590"]
[BlackElo "1920"]
[Result "1/2-1/2"]
[Round "04"]
[TimeControl "180+1"]
[Date "2021.12.15"]
[WhiteClock "0:00:09"]
[BlackClock "0:00:07"]

1. d4 d5 2. c4 e6 3. Nf3 Nf6 4. g3 dxc4 5. Bg2 Nc6 6. O-O Rb8 7. e3 b5 8. Qe2 Bb7 9. b3 cxb3 10. axb3 a6 11. Bb2 Be7 12. Rc1 O-O 13. Ne5 Nxe5 14. Bxb7 Rxb7 15. dxe5 Nd5 16. Rxa6 c5 17. Nd2 Nb4 18. Raa1 Nd3 19. Rc2 Nxb2 20. Rxb2 Qd5 21. f4 Rd8 22. Ra5 Qd7 23. Ne4 Qc6 24. Nc3 b4 25. Na4 Rbd7 26. e4 Rd4 27. Rc2 Rxe4 28. Qf1 Red4 29. Rc1 Rd2 30. Nxc5 Qd5 31. Rb5 Qd4+ 32. Kh1 Qb2 33. Ne4 Rxh2+ 34. Kg1 Rc2 35. Re1 Qxb3 36. Rb1 Rb2 37. Re1 h6 38. Nf2 Qxg3+ 39. Qg2 Qxg2+ 40. Kxg2 Rdd2 41. Rf1 b3 42. Kf3 Rdc2 43. Rb7 Rc3+ 44. Kg4 Bc5 45. Ne4 Rc4 46. Nd6 Bxd6 47. exd6 Rd4 48. d7 Rbd2 49. Rb8+ Kh7 50. Rxb3 Rxd7 51. Rbf3 f6 52. Kg3 R2d3 53. Re1 Rxf3+ 54. Kxf3 Rd6 55. Re2 Kg6 56. Rg2+ Kf5 57. Rxg7 e5 58. fxe5 fxe5 59. Rf7+ Ke6 60. Rh7 Kd5 61. Ke3 Rf6 62. Rh8 Ke6 63. Re8+ Kf5 64. Rh8 Kg5 65. Ke4 h5 66. Rg8+ Kh4 67. Kxe5 Rf1 68. Ke4 Kh3 69. Ke3 h4 70. Ke2 Rf7 71. Rh8 Kh2 72. Rxh4+ Kg3 73. Rd4 Re7+ 74. Kd3 Kf3 75. Rd8 Kf4 76. Rf8+ Ke5 77. Rf3 Ke6 78. Ke2 Kd6+ 79. Kf2 Kd7 80. Rd3+ Ke6 81. Rf3 Kd6 82. Rb3 Ke6 83. Ke3 Kd6+ 84. Kd2 Ke6 85. Kd3 Kd6 86. Kd4 Ke6 87. Rb6+ Kf5 88. Rb1 Rd7+ 89. Kc5 Re7 90. Rf1+ Ke6 91. Re1+ Kf6 92. Rf1+ Ke6 93. Re1+ Kf6 94. Rd1 Re6 95. Kd5 Re5+ 96. Kd6 Re6+ 97. Kd5 Re5+ 98. Kd4 Re6 99. Rf1+ Ke7 100. Kd5 Rd6+ 101. Kc5 Re6 102. Rh1 Re5+ 103. Kd4 Re6 104. Rh7+ Kd6 105. Ra7 Re7 106. Ra6+ Kd7 107. Ra7+ Ke6 108. Rxe7+ Kxe7 1/2-1/2


[Site "https://www.chess.com"]

[Event "Titled Tuesday Blitz December 14 2021"]
[White "Zubov, Alexander"]
[Black "Petesch, Gabriel"]
[WhiteFideId "14109409"]
[BlackFideId "2032465"]
[WhiteElo "2685"]
[BlackElo "2374"]
[Result "1-0"]
[Round "04"]
[TimeControl "180+1"]
[Date "2021.12.15"]
[WhiteClock "0:00:03"]
[BlackClock "0:00:02"]

1. d4 Nf6 2. c4 e6 3. Nc3 d5 4. cxd5 Nxd5 5. Nf3 Be7 6. e3 c5 7. Bc4 O-O 8. O-O Nc6 9. a3 cxd4 10. exd4 Nxc3 11. bxc3 Bd7 12. Qd3 Rc8 13. Bb3 Bf6 14. Bc2 g6 15. Bh6 Re8 16. Rfe1 Qa5 17. h4 e5 18. Bb3 Bf5 19. Qe3 Qb6 20. Ba2 Qc7 21. Ng5 Bxg5 22. hxg5 Qd7 23. d5 Na5 24. Qxa7 Nc4 25. Bxc4 Rxc4 26. Rac1 Rg4 27. f3 Rg3 28. Qf2 1-0


[Site "https://www.chess.com"]

[Event "Titled Tuesday Blitz December 14 2021"]
[White "Aggelis, Nikolaos"]
[Black "Shkapenko, Pavel"]
[WhiteFideId "4213220"]
[BlackFideId "4151933"]
[WhiteElo "2154"]
[BlackElo "2386"]
[Result "1-0"]
[Round "05"]
[TimeControl "180+1"]
[Date "2021.12.15"]
[WhiteClock "0:00:27"]
[BlackClock "0:00:08"]

1. d4 Nf6 2. g3 e6 3. Bg2 c5 4. Nf3 cxd4 5. O-O Nc6 6. Nxd4 Qb6 7. Nb3 d5 8. c4 dxc4 9. Be3 Qa6 10. Nc5 Qa5 11. Bxc6+ bxc6 12. Qd4 Nd5 13. Ne4 Nxe3 14. Qxe3 Qe5 15. Qf3 Rb8 16. Nbd2 Qd5 17. Rfd1 f5 18. Qh5+ g6 19. Nf6+ Kf7 20. Nxd5 gxh5 21. Ne3 Rxb2 22. Ndxc4 Rb5 23. Rac1 Rc5 24. Rd8 Ba6 25. Ra8 Bxc4 26. Rxc4 Rxc4 27. Nxc4 Bg7 28. Rxa7+ Kg6 29. Rc7 Ra8 30. a3 Ra4 31. Rxc6 Kf7 32. Rc7+ Kg6 33. Kg2 Bf8 34. Ne5+ Kf6 35. Nd7+ Ke7 36. Nb6+ Kd6 37. Rf7 Ra6 38. Nc8+ Kc6 39. Rxf8 Rxa3 40. Ne7+ Kd7 41. Nxf5 exf5 42. Rxf5 Ke6 43. Rxh5 Ra7 44. g4 Kf6 45. e4 Kg6 46. Kg3 Ra3+ 47. f3 h6 48. h4 Ra8 49. Rd5 Ra4 50. g5 hxg5 51. hxg5 Ra1 52. Kf4 Ra8 53. Rd6+ Kg7 54. Kg4 Ra1 55. e5 Rg1+ 56. Kf5 Rh1 57. Rd7+ Kg8 58. Kg6 Kf8 59. f4 1-0


[Site "https://www.chess.com"]

[Event "Titled Tuesday Blitz December 14 2021"]
[White "Alikhanov, Felix"]
[Black "Grandelius, Nils"]
[WhiteFideId "4157427"]
[BlackFideId "1710400"]
[WhiteElo "2425"]
[BlackElo "2617"]
[Result "1-0"]
[Round "05"]
[TimeControl "180+1"]
[Date "2021.12.15"]
[WhiteClock "0:00:44"]
[BlackClock "0:00:03"]

1. e4 e5 2. Nf3 Nc6 3. Bb5 a6 4. Bxc6 dxc6 5. O-O Bd6 6. d4 exd4 7. Nxd4 Ne7 8. c3 O-O 9. Be3 Ng6 10. f4 f6 11. Nd2 Kh8 12. Qh5 Qe8 13. Rae1 Bd7 14. Nf5 Bxf5 15. Qxf5 Qf7 16. b3 Rae8 17. g3 b5 18. Rd1 Ne7 19. Qh3 Nd5 20. Bd4 c5 21. exd5 cxd4 22. c4 Re2 23. Rf2 Rxf2 24. Kxf2 Qg6 25. Nf3 bxc4 26. bxc4 Qc2+ 27. Rd2 Qxc4 28. Qe6 d3 29. Qf5 Bb4 30. Rxd3 Qxa2+ 31. Kf1 Re8 32. Re3 Rd8 33. Qe4 Bf8 34. Rd3 a5 35. g4 a4 36. g5 a3 37. Nh4 fxg5 38. Ng6+ hxg6 39. Rh3+ Kg8 40. Qe6# 1-0


[Site "https://www.chess.com"]

[Event "Titled Tuesday Blitz December 14 2021"]
[White "Al-Tarboush, Ward"]
[Black "Arutinian, David"]
[WhiteFideId "7601450"]
[BlackFideId "13601741"]
[WhiteElo "2276"]
[BlackElo "2525"]
[Result "0-1"]
[Round "05"]
[TimeControl "180+1"]
[Date "2021.12.15"]
[WhiteClock "0:00:02"]
[BlackClock "0:00:22"]

1. e4 c6 2. Nf3 d5 3. Nc3 dxe4 4. Nxe4 Nf6 5. Nxf6+ exf6 6. Bc4 Bd6 7. Qe2+ Qe7 8. Qxe7+ Kxe7 9. O-O Re8 10. Re1+ Kf8 11. Rxe8+ Kxe8 12. d4 Bg4 13. Be3 Nd7 14. Re1 Kf8 15. Be2 Bf5 16. c4 a6 17. c5 Bc7 18. b4 Be6 19. a3 h6 20. Nd2 f5 21. g3 Nf6 22. Nc4 Nd5 23. Bd2 Rd8 24. Bf3 Nf6 25. Nd6 Bxd6 26. cxd6 Nd5 27. Bxd5 Bxd5 28. Bf4 Be6 29. h4 h5 30. Rc1 Ke8 31. Kf1 Kd7 32. Ke2 Re8 33. Kd2 Bd5 34. a4 f6 35. b5 Re4 36. Kd3 g5 37. bxa6 bxa6 38. hxg5 fxg5 39. Be5 Rg4 40. Ke3 h4 41. gxh4 Rxh4 42. Rb1 Rh3+ 43. Kd2 Rb3 44. Rxb3 Bxb3 45. a5 Bf7 46. Ke3 Ke6 47. Kf3 Be8 48. Ke3 f4+ 49. Kd3 Kf5 50. Kc4 g4 51. Kc5 g3 52. d7 Bxd7 53. fxg3 f3 54. d5 f2 55. dxc6 Bxc6 0-1


[Site "https://www.chess.com"]

[Event "Titled Tuesday Blitz December 14 2021"]
[White "Arencibia Monduy, Antonio"]
[Black "Rustemov, Alexander"]
[WhiteFideId "3507939"]
[BlackFideId "4119002"]
[WhiteElo "2649"]
[BlackElo "2859"]
[Result "0-1"]
[Round "05"]
[TimeControl "180+1"]
[Date "2021.12.14"]
[WhiteClock "0:00:03"]
[BlackClock "0:00:10"]

1. c4 e6 2. Nc3 d5 3. cxd5 exd5 4. d4 c6 5. Bf4 Bf5 6. e3 Nf6 7. Nf3 Be7 8. Be2 O-O 9. O-O Nbd7 10. Ne5 Re8 11. a3 a5 12. Nxd7 Qxd7 13. Rc1 Bf8 14. Bd3 Ne4 15. Nxe4 Bxe4 16. Bxe4 Rxe4 17. Qd2 a4 18. Rfe1 Bd6 19. Bxd6 Qxd6 20. Qc2 g6 21. Qc5 Qe6 22. Qb6 Qe7 23. Qc5 Qd7 24. Qc2 f5 25. Rcd1 Kg7 26. g3 Qe7 27. Rd3 g5 28. Kg2 f4 29. Qd1 Kh8 30. Qf3 Rg8 31. g4 h5 32. h3 h4 33. Qe2 Re8 34. f3 Rxe3 35. Rxe3 fxe3 36. Qd3 Kg7 37. Qf5 Qf6 38. Qxf6+ Kxf6 39. Kf1 c5 40. dxc5 d4 41. Ke2 Ke5 42. Kd3 Kd5 43. Rc1 Rf8 44. Rf1 Rf4 45. c6 bxc6 46. Ke2 c5 47. Rc1 c4 48. Rd1 Rf7 49. Rf1 Rb7 50. f4 Ke4 51. fxg5 Rxb2+ 52. Ke1 Rb1+ 53. Ke2 d3# 0-1


[Site "https://www.chess.com"]

[Event "Titled Tuesday Blitz December 14 2021"]
[White "Artemiev, Vladislav"]
[Black "Seliverstov, Vladimir"]
[WhiteFideId "24101605"]
[BlackFideId "4192036"]
[WhiteElo "2830"]
[BlackElo "2489"]
[Result "0-1"]
[Round "05"]
[TimeControl "180+1"]
[Date "2021.12.14"]
[WhiteClock "0:00:02"]
[BlackClock "0:00:48"]

1. e4 g6 2. d4 Bg7 3. Nf3 d6 4. Nc3 a6 5. Be3 b5 6. Bd3 Nd7 7. a4 b4 8. Ne2 c5 9. c3 Bb7 10. O-O Ngf6 11. Ng3 O-O 12. h3 Qa5 13. Bd2 bxc3 14. Bxc3 Qc7 15. d5 c4 16. Bc2 Nc5 17. Re1 Rfc8 18. Nd2 a5 19. Nxc4 Ncxe4 20. Nxe4 Qxc4 21. Bb3 Qc7 22. Nxf6+ Bxf6 23. Bxf6 exf6 24. Qd4 Kg7 25. Re3 Qc5 26. Qd2 Rab8 27. Rae1 Ba8 28. Rf3 Qb4 29. Qd1 Re8 30. Rfe3 Re5 31. Kf1 Rbe8 32. Qd3 Bb7 33. Qb5 Qxb5+ 34. axb5 f5 35. Rxe5 Rxe5 36. Rxe5 dxe5 37. d6 Kf8 38. b6 Ke8 39. Ba4+ Kd8 40. g3 g5 41. Ke2 f4 42. gxf4 exf4 43. f3 h5 44. Kf2 f5 45. Bc2 Kd7 46. Bxf5+ Kxd6 47. Bg6 h4 48. Be8 Kc5 49. Ke2 Kxb6 50. Bd7 Kc5 51. Bg4 Kd4 52. Kd2 Bd5 53. Kc2 Ke3 0-1


[Site "https://www.chess.com"]

[Event "Titled Tuesday Blitz December 14 2021"]
[White "Aslanov, Umid"]
[Black "Samunenkov, Ihor"]
[WhiteFideId "13412620"]
[BlackFideId "14187086"]
[WhiteElo "1796"]
[BlackElo "2348"]
[Result "0-1"]
[Round "05"]
[TimeControl "180+1"]
[Date "2021.12.15"]
[WhiteClock "0:00:10"]
[BlackClock "0:00:05"]

1. e4 c6 2. d4 d5 3. Nc3 dxe4 4. Nxe4 Nf6 5. Nxf6+ exf6 6. Nf3 Bd6 7. Be2 O-O 8. O-O Re8 9. Re1 Bg4 10. h3 Bh5 11. c3 Nd7 12. Nh4 Bxe2 13. Rxe2 Qa5 14. Rxe8+ Rxe8 15. Be3 f5 16. b4 Qd5 17. Qb3 f4 18. Qxd5 cxd5 19. Bd2 Nb6 20. Nf5 Bc7 21. Re1 Rxe1+ 22. Bxe1 g6 23. Nh4 f6 24. Kf1 Nc4 25. Ke2 b5 26. Kd3 Kf7 27. Nf3 Ke6 28. Nd2 Nd6 29. Nb3 f5 30. Nc5+ Ke7 31. Bd2 g5 32. f3 Nc4 33. a4 bxa4 34. Nxa4 h5 35. Bc1 Bd6 36. Nb2 Nb6 37. b5 Ke6 38. c4 dxc4+ 39. Nxc4 Nd5 40. Na5 Kd7 41. Nc6 a6 42. Kc4 Nb6+ 43. Kd3 axb5 44. Na7 b4 45. Nb5 Be7 46. h4 Kc6 47. Na7+ Kd5 48. hxg5 Bxg5 49. Nb5 Na4 50. Nc7+ Kd6 51. Ne8+ Kc6 52. Ng7 b3 53. Nxf5 b2 54. Bxb2 Nxb2+ 55. Kc2 Nc4 56. Kd3 Kd5 57. Ng7 h4 58. Nf5 Ne3 59. Ne7+ Bxe7 60. Ke2 Kxd4 61. Kf2 Kd3 62. Kg1 Ke2 63. Kh2 Kf2 64. Kh3 Nxg2 65. Kh2 Kxf3 66. Kh3 Ne3 67. Kh2 Kg4 68. Kg1 f3 69. Kh2 f2 0-1


[Site "https://www.chess.com"]

[Event "Titled Tuesday Blitz December 14 2021"]
[White "Avazkhonov, Alikhon"]
[Black "Aldokhin, Ivan"]
[WhiteFideId "14208504"]
[BlackFideId "24115720"]
[WhiteElo "1739"]
[BlackElo "2231"]
[Result "1-0"]
[Round "05"]
[TimeControl "180+1"]
[Date "2021.12.15"]
[WhiteClock "0:00:05"]
[BlackClock "0:00:09"]

1. f4 e6 2. Nf3 d5 3. g3 c5 4. Bg2 Nc6 5. O-O Nf6 6. d3 Be7 7. Qe1 d4 8. e4 dxe3 9. Bxe3 O-O 10. Qe2 Nd5 11. c3 Nxe3 12. Qxe3 Qb6 13. Rf2 Bf6 14. Na3 Rd8 15. Nc4 Qc7 16. Qxc5 Rxd3 17. Nfe5 Rd8 18. Nxc6 bxc6 19. Qxc6 Qxc6 20. Bxc6 Rb8 21. Rc1 Ba6 22. Ne5 Rd6 23. Nd7 Rc8 24. Nxf6+ gxf6 25. Bf3 f5 26. Rd1 Rxd1+ 27. Bxd1 Rd8 28. Bb3 Kg7 29. c4 Kf6 30. Rc2 Bb7 31. Kf2 Be4 32. Re2 Rd4 33. Ke1 Bf3 34. Rd2 e5 35. Rxd4 exd4 36. Kd2 Be4 37. Bc2 Ke6 38. b4 Kd6 39. a4 a5 40. bxa5 Kc5 41. Bxe4 fxe4 42. a6 Kb6 43. g4 Kxa6 44. h4 Kb6 45. g5 Kc5 46. a5 Kxc4 47. a6 e3+ 48. Ke2 Kc3 49. a7 d3+ 50. Kxe3 d2 51. a8=Q d1=Q 52. Qc6+ Kb4 53. Qb7+ Kc5 54. Qxf7 Qe1+ 55. Kf3 Qxh4 56. Qf6 Qh3+ 57. Ke4 Qg2+ 58. Kf5 Qh3+ 59. Ke5 Qe3+ 60. Kf5 Qh3+ 61. Ke4 Qg2+ 62. Ke5 Qe2+ 63. Kf5 Qd3+ 64. Ke6 Qd5+ 65. Ke7 Qb7+ 66. Kf8 Qc8+ 67. Kg7 Qh3 68. Qh6 Qd7+ 69. Kf6 Kd5 70. g6 hxg6 71. Qxg6 Qe6+ 72. Kg5 Qe7+ 73. Qf6 Qh7 74. Qf5+ Qxf5+ 75. Kxf5 Kd6 76. Kf6 Kd7 77. Kg7 Ke8 78. f5 Ke7 79. f6+ 1-0


[Site "https://www.chess.com"]

[Event "Titled Tuesday Blitz December 14 2021"]
[White "Baskin, Robert"]
[Black "Neiksans, Arturs"]
[WhiteFideId "24662402"]
[BlackFideId "11601388"]
[WhiteElo "2488"]
[BlackElo "2447"]
[Result "0-1"]
[Round "05"]
[TimeControl "180+1"]
[Date "2021.12.15"]
[WhiteClock "0:00:02"]
[BlackClock "0:00:15"]

1. e4 c5 2. Nf3 e6 3. d4 cxd4 4. Nxd4 a6 5. Nc3 Qc7 6. Bd3 Nf6 7. f4 Nc6 8. Nxc6 bxc6 9. e5 Nd5 10. Ne4 c5 11. c4 Nb4 12. Bb1 Bb7 13. O-O Be7 14. Be3 O-O 15. Qh5 g6 16. Qh6 Bxe4 17. Bxe4 Rad8 18. Rf3 f5 19. exf6 Bxf6 20. Rh3 Rf7 21. Rf1 d5 22. Bb1 d4 23. Bc1 Rg7 24. a3 Nc6 25. Bd3 Ne7 26. g4 Rf7 27. Bd2 Rb8 28. Bc1 Qd8 29. Re1 Rb6 30. Re2 Qf8 31. Qxf8+ Rxf8 32. Rf3 Rfb8 33. Rf1 Kf7 34. Rfe1 Re8 35. Rc2 Rb3 36. Rd1 Nc8 37. Re2 Nd6 38. Bc2 Rh3 39. b3 h5 40. g5 Bg7 41. Rd3 Rxd3 42. Bxd3 Rb8 43. Rb2 Nf5 44. b4 cxb4 45. axb4 Ne3 46. b5 a5 47. b6 Bf8 48. b7 Bb4 49. Bxe3 dxe3 50. Kf1 Rxb7 51. Ke2 e5 52. fxe5 Ke6 53. Rb1 Kxe5 54. Kxe3 Rf7 55. Bxg6 Bc5+ 56. Ke2 Rf2+ 57. Ke1 Rxh2 58. Bd3 h4 59. g6 Rg2 60. Rb8 h3 61. Re8+ Kf6 62. Rh8 h2 63. Bf1 Ra2 64. Rh6 Kg7 65. Rh7+ Kxg6 66. Rh3 Bb4+ 67. Kd1 Rf2 68. Bd3+ Kg5 69. Be4 a4 70. Rh7 a3 71. Ra7 a2 0-1


[Site "https://www.chess.com"]

[Event "Titled Tuesday Blitz December 14 2021"]
[White "Bortnyk, Olexandr"]
[Black "Bacrot, Etienne"]
[WhiteFideId "14120828"]
[BlackFideId "605506"]
[WhiteElo "2723"]
[BlackElo "2673"]
[Result "1-0"]
[Round "05"]
[TimeControl "180+1"]
[Date "2021.12.14"]
[WhiteClock "0:01:46"]
[BlackClock "0:00:16"]

1. e4 e5 2. Bc4 Nf6 3. d3 c6 4. Nf3 d5 5. Bb3 Bb4+ 6. Bd2 Bxd2+ 7. Qxd2 a5 8. a4 Nbd7 9. exd5 cxd5 10. Nc3 d4 11. Nb5 O-O 12. O-O Ra6 13. Rfe1 Re8 14. Qg5 h6 15. Qh4 Rc6 16. Re2 Re7 17. Rae1 g5 18. Qxh6 Nh7 19. Nd6 Ndf8 20. Nxf7 Rxf7 21. Bxf7+ Kxf7 22. Nxe5+ Kg8 23. Nxc6 bxc6 24. Re7 1-0


[Site "https://www.chess.com"]

[Event "Titled Tuesday Blitz December 14 2021"]
[White "Boskovic, Drasko"]
[Black "Shipov, Sergei"]
[WhiteFideId "927368"]
[BlackFideId "4113624"]
[WhiteElo "2388"]
[BlackElo "2737"]
[Result "1/2-1/2"]
[Round "05"]
[TimeControl "180+1"]
[Date "2021.12.15"]
[WhiteClock "0:00:06"]
[BlackClock "0:00:20"]

1. e4 e6 2. d4 d5 3. Nd2 Be7 4. Bd3 c5 5. dxc5 Nf6 6. exd5 Qxd5 7. Ngf3 Nbd7 8. O-O Nxc5 9. Bb5+ Bd7 10. Bxd7+ Ncxd7 11. Qe2 O-O 12. c4 Qh5 13. b3 a6 14. Bb2 Rac8 15. Rad1 b5 16. h3 h6 17. Rfe1 Rfd8 18. Rc1 bxc4 19. Nxc4 Nd5 20. Nfe5 Qxe2 21. Rxe2 Nxe5 22. Bxe5 f6 23. Bg3 e5 24. Rd2 Bb4 25. Rdc2 Bf8 26. Ne3 Rxc2 27. Rxc2 Nb4 28. Re2 Kf7 29. f3 Bc5 30. Bf2 Nd3 31. Ng4 Nxf2 32. Nxf2 f5 33. Kf1 Kf6 34. Rc2 Rd5 35. Ke2 Ke6 36. Nd3 Kd6 37. Rc4 a5 38. g4 g6 39. gxf5 gxf5 40. Rh4 Kc6 41. Rxh6+ Bd6 42. Rh5 e4 43. fxe4 fxe4 44. Rxd5 Kxd5 45. Nf2 Kd4 46. h4 Bf4 47. h5 Kc3 48. Nxe4+ Kb2 49. Kd3 Kxa2 50. Kc4 Ka3 51. Nc3 Bh6 52. Nb5+ Kb2 53. Nd4 Ka3 54. Nf5 Bg5 55. h6 Bxh6 56. Nxh6 a4 57. b4 Kb2 58. b5 a3 59. b6 a2 60. b7 a1=Q 61. b8=Q+ Kc1 62. Qf4+ Kb1 63. Qe4+ Kb2 64. Qd4+ Ka2 65. Qa7+ Kb1 66. Qg1+ Ka2 67. Qa7+ Kb1 68. Qb6+ Qb2 69. Qg1+ Qc1+ 70. Qxc1+ Kxc1 1/2-1/2


[Site "https://www.chess.com"]

[Event "Titled Tuesday Blitz December 14 2021"]
[White "Csonka, Balazs"]
[Black "Keymer, Vincent"]
[WhiteFideId "742910"]
[BlackFideId "12940690"]
[WhiteElo "2404"]
[BlackElo "2557"]
[Result "0-1"]
[Round "05"]
[TimeControl "180+1"]
[Date "2021.12.14"]
[WhiteClock "0:00:02"]
[BlackClock "0:00:07"]

1. e4 c6 2. Nc3 d5 3. Nf3 dxe4 4. Nxe4 Nf6 5. Qe2 Nxe4 6. Qxe4 Nd7 7. Bc4 Nf6 8. Ne5 e6 9. Qe2 b5 10. Bd3 Qc7 11. b3 Bd6 12. Bb2 Nd5 13. g3 Nb4 14. O-O Nxd3 15. cxd3 O-O 16. Rac1 Bb7 17. d4 a5 18. Rc2 Rac8 19. Rfc1 c5 20. dxc5 Bxe5 21. Qxe5 Qxe5 22. Bxe5 Bc6 23. d4 h5 24. h4 f6 25. Bd6 Rfe8 26. Re1 Kf7 27. Rc3 Bd5 28. f3 Rc6 29. Kf2 Rec8 30. Rce3 Ra8 31. a3 Ra7 32. Ke2 Rd7 33. Kd2 Rd8 34. R1e2 Rg8 35. Kc2 Ra8 36. Kb2 Ra7 37. Re1 Rb7 38. Rg1 a4 39. b4 Ra7 40. Kc3 Ra8 41. Kd2 Rg8 42. Ke2 Rcc8 43. Kf2 Rh8 44. Ree1 Rh6 45. Re3 Rh7 46. Bf4 Rhh8 47. Bd6 Rhg8 48. Ree1 g5 49. hxg5 Rxg5 50. Bf4 Rf5 51. Rh1 Rh8 52. Rh4 Rh7 53. Reh1 e5 54. dxe5 fxe5 55. Bc1 Rxf3+ 56. Ke1 Rxg3 57. Rxh5 Rxh5 58. Rxh5 Rg1+ 59. Kd2 Ke6 60. Bb2 Rg2+ 61. Kc1 Re2 62. Rh6+ Kf5 63. c6 Be4 64. c7 Rc2+ 65. Kd1 Rxc7 66. Rh5+ Kg4 67. Rxe5 Bd3 68. Rd5 Bc4 69. Rd4+ Kf3 70. Kd2 Rh7 71. Rd8 Rh1 72. Bc3 Rh2+ 73. Kc1 Ke4 74. Bb2 Bb3 75. Re8+ Kd5 76. Rd8+ Kc6 77. Rc8+ Kb7 78. Rc3 Rh1+ 79. Kd2 Rh5 80. Kc1 Kb6 81. Rc5 Rh1+ 82. Kd2 Rh2+ 83. Kc1 Bc4 84. Bd4 Kb7 85. Rc7+ Kb8 86. Rxc4 Rh1+ 87. Kc2 bxc4 88. Kc3 Rh3+ 89. Kxc4 Rxa3 90. b5 Rb3 91. Bc5 Kb7 92. Bb4 Kb6 93. Bc5+ Kc7 94. Bb4 Kb7 95. Bc5 Rh3 96. Kb4 a3 97. Bd4 a2 98. Ka4 Rh1 99. Kb3 a1=Q 100. Bxa1 Rxa1 0-1


[Site "https://www.chess.com"]

[Event "Titled Tuesday Blitz December 14 2021"]
[White "Cunha, Lucas Aguiar"]
[Black "Zhigalko, Sergei"]
[WhiteFideId "2125404"]
[BlackFideId "13502956"]
[WhiteElo "2361"]
[BlackElo "2662"]
[Result "0-1"]
[Round "05"]
[TimeControl "180+1"]
[Date "2021.12.14"]
[WhiteClock "0:00:01"]
[BlackClock "0:00:06"]

1. e4 c5 2. Nf3 Nc6 3. Nc3 Nf6 4. e5 Ng4 5. Qe2 f6 6. exf6 Nxf6 7. Qb5 e6 8. Be2 a6 9. Qa4 Be7 10. O-O O-O 11. b3 d5 12. Bb2 e5 13. Rae1 e4 14. Ng5 h6 15. Nxd5 Nxd5 16. Nxe4 Bf5 17. Bf3 b5 18. Qa3 Ndb4 19. Rc1 Nd4 20. Bxd4 cxd4 21. Qb2 Rc8 22. Rfe1 Bh7 23. a3 Nc6 24. b4 Kh8 25. Qb3 Ne5 26. Bd1 d3 27. c3 Qb6 28. a4 Bxe4 29. Re3 Nc4 30. Bg4 Nxe3 31. fxe3 Bf5 32. Bf3 Be6 33. Qb1 Bc4 34. a5 Qg6 35. Rf1 Bd6 36. Qe1 Rf6 37. Qh4 Rcf8 38. Kh1 Bd5 0-1


[Site "https://www.chess.com"]